 Dungeon Crawl Stone Soup version 0.31.0-12-g77e489cdc1 (webtiles) character file.

Game seed: 1756622384215655402

1782 Peloso the Carver (level 8, -5/70 HPs)
             Began as a Minotaur Fighter on Feb 21, 2024.
             Slain by an ogre
             ... wielding a +0 giant club
              (12 damage)
             ... on level 7 of the Dungeon.
             The game lasted 00:08:14 (5096 turns).

Peloso the Carver (Minotaur Fighter)                Turns: 5096, Time: 00:08:15

Health: -5/70      AC: 17    Str: 21    XL:     8   Next: 81%
Magic:  7/7        EV:  6    Int:  5    God:
Gold:   319        SH:  5    Dex: 12    Spells: 7/7 levels left

rFire   . . .        a - +0 scimitar
rCold   . . .        d - +0 buckler
rNeg    . . .        j - +0 plate armour
rPois   .            (helmet restricted)
rElec   .            c - +2 cloak
rCorr   .            (no gloves)
SInv    .            (no boots)
Will    .....        (no amulet) Stlth
                     (no ring)
HPRegen 0.31/turn    (no ring)
MPRegen 0.10/turn

%: no passive effects
@: no status effects
A: horns 2, retaliatory headbutt
a: no special abilities


You were on level 7 of the Dungeon.
You visited 2 branches of the dungeon, and saw 8 of its levels.

You collected 319 gold pieces.

Inventory:

Hand Weapons
 a - a +0 scimitar (weapon)
Armour
 b - a +0 scale mail
 c - a +2 cloak (worn)
 d - a +0 buckler (worn)
 j - a +0 plate armour (worn)
Jewellery
 u - an amulet of magic regeneration
Wands
 m - a wand of mindburst (7)
 n - a wand of flame (18)
 x - a wand of roots (12)
Scrolls
 e - 2 scrolls of teleportation
 f - a scroll of brand weapon {unknown}
 h - 3 scrolls of fear {unknown}
 i - a scroll of silence
 k - 2 scrolls of poison {unknown}
 l - a scroll of enchant weapon {unknown}
 o - 2 scrolls of amnesia
 r - 3 scrolls of fog {unknown}
 s - a scroll of blinking
 t - a scroll of revelation {unknown}
Potions
 g - a potion of might
 p - 2 potions of heal wounds
 q - 2 potions of mutation
 v - a potion of invisibility


   Skills:
 + Level 6.1 Fighting
 + Level 9.3 Long Blades
 + Level 8.3 Armour
 + Level 1.1 Dodging
 + Level 0.1 Stealth
 + Level 5.6 Shields
 + Level 1.1 Evocations


You had 7 spell levels left.
You didn't know any spells.
Your spell library contained the following spells:

 Spells                   Type           Power      Damage    Failure   Level
 Call Imp                 Summ           0%         N/A       100%        2
 Sublimation of Blood     Necr           0%         N/A       100%        2
 Gell's Gravitas          Tloc           0%         N/A       100%        3
 Stone Arrow              Conj/Erth      0%         3d7       100%        3
 Teleport Other           Tloc           0%         N/A       100%        3
 Animate Armour           Summ/Erth      0%         N/A       100%        4
 Dispersal                Tloc           0%         N/A       100%        6
 Summon Hydra             Summ           0%         N/A       100%        7
 Lehudib's Crystal Spear  Conj/Erth      0%         10d2      100%        8


Dungeon Overview and Level Annotations

Branches:
Dungeon (7/15)             Temple (1/1) D:5

Altars:
Ashenzari
Cheibriados
Dithmenos
Elyvilon
Fedhas
Gozag
Hepliaklqana
Kikubaaqudgha
Makhleb
Nemelex Xobeh
Qazlal
Ru
Sif Muna
Trog
Uskayaw
Vehumet
Wu Jian
Xom
Yredelemnul
Zin

Shops:
D:3 :   D:5 (

Annotations:
D:5 3 runed translucent doors, Ijustatesigmund's ghost, novice GrEE; riffraff's ghost, amateur AtFi


Innate Abilities, Weirdness & Mutations

You have a pair of horns on your head.
You reflexively headbutt those who attack you in melee.


Message History

Something hits you. Something shocks you.
Something hits you but does no damage.
You see here 7 stones.
Something hits you. Something shocks you.
You closely miss something. You closely miss something.
A sky beast appears from thin air!
Reactivating autopickup.
The sky beast hits you but does no damage.
You slash the sky beast!
The sky beast is moderately wounded.
The sky beast hits you. The sky beast shocks you.
You closely miss the sky beast.
The sky beast is moderately wounded.
The sky beast barely misses you.
You slash the sky beast!
The sky beast is severely wounded.
The sky beast hits you but does no damage.
You miss the sky beast. Your headbutt misses the sky beast.
The sky beast is severely wounded.
The sky beast hits you but does no damage.
You slash the sky beast! Your headbutt misses the sky beast.
The sky beast is almost dead.
The sky beast hits you. The sky beast shocks you.
You slash the sky beast!
You kill the sky beast!
You hit the ogre.
You headbutt the ogre, but do no damage.
The ogre is lightly wounded.
The ogre hits you with a +0 giant club!!
* * * LOW HITPOINT WARNING * * *
You hit the ogre.
The ogre is lightly wounded.
The ogre hits you with a +0 giant club!
* * * LOW HITPOINT WARNING * * *
You slash the ogre! You headbutt the ogre.
The ogre is severely wounded.
You slash the ogre! Your headbutt misses the ogre.
The ogre is almost dead.
The ogre hits you with a +0 giant club!
You die...

#.# # #.# #.
#.# #..####.#
........#
........#
........# #@#
##O# # #co# #.
#5## #.##.#
#####....##.#..
#..5...<..?...#
#.###...:.#.###
#.......#


You could see an ogre, a centaur, a white imp and an orc.

Vanquished Creatures
  Prince Ribbit (D:5)
  A steam dragon (D:6)
  2 water moccasins (D:6)
  A black bear (D:5)
  An ice beast (D:6)
  2 sky beasts
  An ogre (D:4)
  A centaur (D:6)
  A bullfrog (D:6)
  3 wights (D:5)
  2 howler monkeys
  2 hounds
  A bombardier beetle (D:6)
  A jelly (D:5)
  4 iguanas
  2 orc wizards
  6 adders
  A white imp (D:6)
  5 dart slugs
  14 orcs
  7 ball pythons
  8 bats
  6 endoplasms
  8 giant cockroaches
  7 goblins
  9 hobgoblins
  4 jackals
  3 quokkas
  A frilled lizard (D:1)
  2 kobolds
  5 rats
112 creatures vanquished.

Notes
Turn   | Place    | Note
-------+----------+-------------------------------------------
     0 | D:1      | Peloso the Minotaur Fighter began the quest for the Orb.
     0 | D:1      | Reached XP level 1. HP: 19/19 MP: 0/0
   127 | D:1      | Reached XP level 2. HP: 26/27 MP: 1/1
   400 | D:1      | Reached XP level 3. HP: 33/33 MP: 2/2
  1092 | D:2      | Reached skill level 3 in Long Blades
  1464 | D:3      | Reached skill level 1 in Dodging
  1464 | D:3      | Reached XP level 4. HP: 40/40 MP: 3/3
  1479 | D:3      | You fall into a shaft and drop 1 floor!
  1588 | D:4      | Reached skill level 5 in Armour
  1588 | D:4      | Reached XP level 5. HP: 40/46 MP: 4/4
  1626 | D:4      | Reached skill level 4 in Long Blades
  1992 | D:4      | Noticed an ogre
  1998 | D:4      | Killed an ogre
  1999 | D:4      | Reached XP level 6. HP: 40/52 MP: 5/5
  2053 | D:4      | Found a blossoming altar of Fedhas.
  2529 | D:3      | Found an opulent altar of Gozag.
  2625 | D:3      | Found Zead's Book Boutique.
  2922 | D:3      | Found a faded altar of an unknown god.
  2927 | D:3      | Found a sparkling altar of Nemelex Xobeh.
  2987 | D:5      | Entered Level 5 of the Dungeon
  2987 | D:5      | Noticed Prince Ribbit
  3026 | D:5      | Noticed riffraff's ghost (amateur AtFi)
  3026 | D:5      | Noticed Ijustatesigmund's ghost (novice GrEE)
  3026 | D:5      | Found a runed translucent gate.
  3026 | D:5      | Found a runed translucent gate.
  3026 | D:5      | Found a runed translucent gate.
  3030 | D:5      | Reached skill level 5 in Long Blades
  3316 | D:5      | Reached skill level 6 in Long Blades
  3316 | D:5      | Reached XP level 7. HP: 55/60 MP: 6/6
  3440 | D:5      | Reached skill level 1 in Evocations
  3557 | D:5      | Found a staircase to the Ecumenical Temple.
  3625 | D:5      | Found Foteuthrauja's Antique Weapon Shoppe.
  3649 | D:5      | Killed Prince Ribbit
  3650 | D:5      | Reached skill level 7 in Long Blades
  3650 | D:5      | Reached skill level 5 in Shields
  3943 | Temple   | Entered the Ecumenical Temple
  4045 | D:6      | Reached XP level 8. HP: 57/61 MP: 7/7
  4049 | D:6      | Reached skill level 5 in Fighting
  4193 | D:6      | Reached skill level 8 in Long Blades
  4554 | D:6      | Reached skill level 9 in Long Blades
  5096 | D:7      | Slain by an ogre

Illustrated notes

Levels and vault maps discovered:
D:1:      lordsloth_arrival_two_stooges, layout_basic, minmay_cut_off
D:2:      layout_loops_ring
D:3:      layout_loops_ring, lemuel_crystal_altar,
          nicolae_overflow_ecumenical_swirl, serial_shops,
          nicolae_shop_back_alley_shop, minmay_misc_feat_columns
D:4:      layout_loops_ring, mainiacjoe_overflow_six_doors_small,
          minmay_misc_feat_plants
D:5:      layout_cave_pools, temple_hall, serial_shops, kennysheep_mini_moat,
          gammafunk_ghost_cemetery, uniq_prince_ribbit1
D:6:      layout_loops_corners
D:7:      layout_rooms, uniq_joseph
Temple:   nicolae_temple_bog_church

Skill      XL: |  1  2  3  4  5  6  7  8 |
---------------+-------------------------+-----
Armour         | 4 5 6 7 8 |  8.3
Fighting       | 4 6 |  6.1
Shields        | 4 5 |  5.6
Long Blades    | 3 4 6 7 9 |  9.3
Dodging        | 1 |  1.1
Evocations     | 1 |  1.1
Stealth        | |  0.1

Action                     |  1- 3 |  4- 6 |  7- 9 || total
---------------------------+-------+-------+-------++-------
  Melee: Long sword        |   107 |    81 |       ||   188
         Headbutt          |    18 |    21 |    26 ||    65
         Scimitar          |       |    39 |   136 ||   175
  Evoke: Wand              |       |     1 |     1 ||     2
    Use: Potion            |     2 |       |       ||     2
         Scroll            |     4 |     3 |     2 ||     9
 Armour: Scale mail        |    72 |       |       ||    72
         Plate armour      |    29 |   127 |   141 ||   297
  Dodge: Dodged            |    64 |    39 |    32 ||   135
  Block: Buckler           |    21 |    29 |    39 ||    89
